 Dungeon Crawl Stone Soup version 0.25-a0-346-g140ab784a8 (webtiles) character file.

Game seed: 15834368366950271742, levelgen mode: deterministic

19 Lanoc the Chopper (level 2, 0/25 HPs)
             Began as a Hill Orc Skald on Dec 31, 2019.
             Slain by a goblin (3 damage)
             ... on level 1 of the Dungeon.
             The game lasted 00:00:54 (432 turns).

Lanoc the Chopper (Hill Orc Skald)                   Turns: 432, Time: 00:00:54

Health: 0/25       AC:  3    Str: 13    XL:     2   Next: 75%
Magic:  0/4        EV: 11    Int: 13    God:
Gold:   24         SH:  0    Dex: 10    Spells: 3/4 levels left

rFire    . . .     SeeInvis .   a - +0 hand axe
rCold    . . .     Gourm    .   (no shield)
rNeg     . . .     Faith    .   b - +0 leather armour
rPois    .         Spirit   .   (no helmet)
rElec    .         Reflect  .   (no cloak)
rCorr    .         Harm     .   (no gloves)
MR       .....                  (no boots)
Stlth    +.........             (no amulet)
HPRegen  0.08/turn              (no ring)
MPRegen  0.09/turn              (no ring)

@: infused (expiring)
A: no striking features
a: no special abilities


You were on level 1 of the Dungeon.
You were not hungry.

You visited 1 branch of the dungeon, and saw 1 of its levels.

You collected 24 gold pieces.

Inventory:

Hand Weapons
 a - a +0 hand axe (weapon)
Armour
 b - a +0 leather armour (worn)
Potions
 c - a potion of brilliance {unknown}
Comestibles
 d - a ration


   Skills:
 + Level 2.7 Fighting
 * Level 3.3 Axes
 - Level 1.1 Armour
 + Level 1.7 Dodging
 - Level 1.5 Spellcasting
 * Level 3.0 Charms


You had 3 spell levels left.
You knew the following spells:

 Your Spells              Type           Power        Failure   Level  Hunger
a - Infusion              Chrm           #...         10%         1    ##.....

Your spell library contained the following spells:

 Spells                   Type           Power        Failure   Level  Hunger
 Song of Slaying          Chrm           #.......     14%         2    ###....
 Shroud of Golubria       Chrm/Tloc      #.....       26%         2    ###....
 Regeneration             Chrm/Necr      #.........   47%         3    ####...
 Spectral Weapon          Hex/Chrm       #.......     47%         3    ####...


Dungeon Overview and Level Annotations

Branches:
Dungeon (1/15)

Altars:


Message History

Your magical infusion is running out.
The kobold closely misses you. The goblin hits you.
* * * LOW HITPOINT WARNING * * *
The bat hits you but does no damage.
A hobgoblin comes into view. It is wielding a +0 club.
The kobold misses you.
You barely miss the kobold.
The kobold is heavily wounded.
You hit the goblin but do no damage. You barely miss the bat.
The bat hits you but does no damage. The goblin hits you but does no damage.
The kobold barely misses you.
You barely miss the kobold.
The kobold is heavily wounded.
You hit the goblin but do no damage. The bat barely misses you.
The goblin hits you.
* * * LOW HITPOINT WARNING * * *
The kobold hits you.
* * * LOW HITPOINT WARNING * * *
The goblin hits you.
You die...

..########.....# #..#
#.....# ##.#
########.....#########.#
.......'.....'.......#..
########.....#######.##.
.........(.........#.##.
########...#..####.#.###
#.)..#..# #.#.# #
#@.b.#..####.#.# #
...gg.gK...#.......#.# #
.......#...#.......#.###
.......#...#.......#....
.......#...#.......#####
........................
..####. ..........######
## #. ...........# #
.....#.....# #


You could see a hobgoblin, 2 goblins, a bat and a kobold.

Vanquished Creatures
  5 goblins (D:1)
  A hobgoblin (D:1)
  4 bats (D:1)
  A frilled lizard (D:1)
  2 kobolds (D:1)
  7 rats (D:1)
20 creatures vanquished.

Notes
Turn   | Place    | Note
-------+----------+-------------------------------------------
     0 | D:1      | Lanoc the Hill Orc Skald began the quest for the Orb.
     0 | D:1      | Reached XP level 1. HP: 18/18 MP: 3/3
   126 | D:1      | Reached XP level 2. HP: 18/25 MP: 4/4
   432 | D:1      | Slain by a goblin

Levels and vault maps discovered:
D:1:      dpeg_arrival_stone_temple_mockup, layout_basic, minmay_tiny_reverse_x

Skill      XL: |  1  2 |
---------------+-------+-----
Axes           | 3 |  3.3
Charms         | 3 |  3.0
Fighting       | |  2.7
Armour         | |  1.1
Dodging        | |  1.7
Spellcasting   | |  1.5

Action                   || total
-------------------------++-------
Melee: Hand axe          ||    52
 Cast: Infusion          ||     2
Armor: Leather armour    ||    31
Dodge: Dodged            ||    54

Table legend:
 A = Non-vault XP
 B = Vault XP
 C = Vault XP percentage of total XP
 D = Non-vault monster count
 E = Vault monster count
 F = Vault count percentage of total count
                 A         B        C        D         E       F
            +---------+---------+-------+---------+---------+-------
      Total |      28 |       0 |   0.0 |      20 |       0 |   0.0
            +---------+---------+-------+---------+---------+-------
        D:1 |      28 |       0 |   0.0 |      20 |       0 |   0.0
            +---------+---------+-------+---------+---------+-------
